 Dungeon Crawl Stone Soup version 0.29.1-13-g9f3cf754e1 (webtiles) character file.

Game seed: 14670454890316752922

3737 shadowmeld the Thaumaturge (level 10, -3/84 HPs)
             Began as a Djinni Transmuter on Jan 31, 2023.
             Was a Follower of Ashenzari.
             Slain by an orc warrior
             ... wielding a +0 spear
              (18 damage)
             ... in a bailey.
             The game lasted 00:54:35 (8366 turns).

shadowmeld the Thaumaturge (Djinni Transmuter)      Turns: 8366, Time: 00:54:38

Health: -3/84      AC: 17    Str:  9    XL:     10   Next: 37%
Gold:   287        EV: 13    Int: 19    God:    Ashenzari [*.....] SH:  0 Dex: 14

rFire   . . .      SeeInvis .     - Unarmed
rCold   + + +      Faith    .   (shield currently unavailable)
rNeg    + . .      Spirit   .   (body armour currently unavailable)
rPois   ∞          Reflect  .   (helmet currently unavailable)
rElec   .          Harm     .   (cloak currently unavailable)
rCorr   .          Rampage  .   (gloves currently unavailable)
Will    +....                   (boots unavailable)
Stlth   +.........              u - amulet of regeneration
HPRegen 1.04/turn               E - ring of protection from fire
MPRegen 0.00/turn               M - ring of positive energy

@: ice-armoured, ice-form, flying
A: freezing attack, flying, boosted hp, sickness immunity, large, (fire
resistance 2), (cold vulnerability 1), float, innate caster, HP casting, extra
vitality 1
a: End Transformation, Renounce Religion, Shatter the Chains


You were in a bailey.
You worshipped Ashenzari.
Ashenzari was aware of your devotion.
You were a creature of crystalline ice.
You visited 2 branches of the dungeon, and saw 9 of its levels.
You also visited: Bailey.

You collected 311 gold pieces.
You spent 24 gold pieces at shops.

Inventory:

Missiles
 b - 5 boomerangs of dispersal
 j - 5 curare-tipped darts
 n - 18 poisoned darts (quivered)
Armour
 a - the cursed +0 robe of the Cursed Agnosticism (melded) {Range, Evo}

   It has a curse which improves the following skills: Ranged Combat: Ranged
   Weapons and Throwing.
   Evocations: Evocations.
 t - the cursed +0 cloak of Ashenzari's Portent (melded) {Cun, Fort}
   (You found it on level 2 of the Dungeon)

   It has a curse which improves the following skills: Cunning: Dodging and
   Stealth.
   Fortitude: Armour and Shields.
 v - a scarf of invisibility
 G - a +0 helmet (melded)
 H - an orb of light (melded)
 K - a +0 robe
Jewellery
 u - an amulet of regeneration (around neck)
 E - a ring of protection from fire (left front paw)
 M - a ring of positive energy (right front paw)
Wands
 q - a wand of roots (17)
 C - a wand of digging (5)
 D - a wand of acid (13)
 L - a wand of polymorph (6)
 N - a wand of paralysis (10)
Scrolls
 d - 2 scrolls of poison
 f - 2 scrolls of enchant weapon
 k - 4 scrolls of teleportation
 l - a scroll of magic mapping
 s - 2 scrolls of fear
 w - 2 scrolls of vulnerability
 x - a scroll of immolation
 y - a scroll of torment
 z - 2 scrolls of blinking
Potions
 c - 2 potions of mutation
 e - a potion of berserk rage
 h - 2 potions of brilliance
 m - a potion of attraction
 p - a potion of resistance
 r - 4 potions of curing
 A - a potion of haste
 F - 2 potions of might
 I - 2 potions of ambrosia


   Skills:
 * Level 5.0 Fighting
 - Level 0.1 Throwing
 * Level 7.3 Dodging
 + Level 5.9 Unarmed Combat
 * Level 8.3 Spellcasting


You had 6 spell levels left.
You knew the following spells:

 Your Spells              Type           Power      Damage    Failure   Level
a - Beastly Appendage     Tmut           78%        N/A       1%          1
b - Wereblood             Tmut           39%        N/A       1%          2
c - Spider Form           Tmut/Pois      39%        N/A       1%          3
d - Ice Form              Ice/Tmut       39%        N/A       3%          4
e - Freeze                Ice            100%       1d11      1%          1
f - Searing Ray           Conj           78%        2d7       1%          2
g - Ozocubu's Armour      Ice            39%        N/A       1%          3
h - Gell's Gravitas       Tloc           39%        N/A       1%          3
Your spell library was empty.

Dungeon Overview and Level Annotations

Branches:
Dungeon (8/15)             Temple (1/1) D:5          Bailey (1/1)
   Lair: D:8-11

Altars:
Ashenzari
Dithmenos
Fedhas
Gozag
Hepliaklqana
Makhleb
Okawaru
Qazlal
Ru
Trog
Wu Jian
Xom
Yredelemnul
The Shining One
Lugonu

Shops:
D:1 *


Innate Abilities, Weirdness & Mutations

You are a creature of crystalline ice.
You have a powerful freezing melee attack.
You are flying.
Your maximum health is increased.
Your armour is entirely melded.
You are incapable of wielding weapons or throwing items.
You are immune to sickness and miasma.
You are immune to poison.
((Your flesh is very heat resistant. (rF++)))
((You are vulnerable to cold. (rC-)))
You float through the air rather than walking.
You learn spells naturally, not from books.
Your magical power is your life essence.
You have superior vitality. (+4 MHP)


Message History

Confirm with . or Enter, or press ? or * to list all spells.
Aiming: Freeze (safe; 1% risk of failure)
Press: ? - help, Shift-Dir - straight line, f/p - orc warrior
Aim: an orc warrior, wielding a +0 spear and wearing a +0 ring mail (almost dead)
You freeze the orc warrior!
You kill the orc warrior!
Things that are here:
a +0 spear; a +0 ring mail
There is an open door here.
You start resting.
Your transformation is almost over.
HP restored.
Casting: Freeze (safe; 1% risk of failure)
Confirm with . or Enter, or press ? or * to list all spells.
You extend your transformation's duration.
You reach down and open the gate.
Found a staff of fire.
Found two gates leading back out of this place.
There is an open gate here.
You see here a staff of fire.
You reach down and open the door. 2 orc knights and an orc warrior come into view.
The orc knight shouts! x2; The orc warrior shouts!
The orc knight roars a battlecry!
The orcs go into a battle-frenzy!
Found a book of Flames and 2 scrolls of enchant armour.
Casting: Ice Form (dangerous; 3% risk of failure)
Confirm with . or Enter, or press ? or * to list all spells.
You don't know that spell.
The orc knight hits you with a +0 trident!
The orc knight barely misses you.
The orc warrior hits you from afar with a +0 spear!
There is an open door here.
Casting: Ice Form (dangerous; 3% risk of failure)
Confirm with . or Enter, or press ? or * to list all spells.
Your icy body feels more resilient.
The orc knight closely misses you.
The orc knight hits you with a +0 halberd!!
* * * LOW HITPOINT WARNING * * *
The orc warrior hits you from afar with a +0 spear!!
You die...

..≈##.##≈...............≈##.##≈..
..≈#....................).)..#≈..
..≈##.∩#≈)..............≈#∩.##≈..
..≈≈#.##≈....#######....≈##.#≈≈..
...≈≈.≈≈≈....##....##...≈≈≈.≈≈...
.............##.....##...........
.............##'''#..##..........
.........##..##∩|∩##..#..........
.........##.####Y####.##.........
.........##.')#oo.#)'.##.........
.........##.###o8.###.##.........
.........##.'.#?.:#)'.##.........
.........##.#########.##.........
..........#..##.#.##..#..........
..........##..#'#'#..##..........
...........##.......##...........
...≈≈.≈≈≈...#########...≈≈≈.≈≈...


You could see 2 orc knights and an orc warrior (strong).

Vanquished Creatures
  Pikel (D:5)
  A water moccasin (D:4)
  6 orc warriors (Bailey)
  An ice beast (D:7)
  2 black bears
  2 sky beasts (D:6)
  2 ogres
  A centaur (D:6)
  3 lemures (D:5)
  A kobold brigand (D:7)
  A phantom (D:5)
  2 bullfrogs
  2 necrophages
  6 scorpions
  3 wights (D:8)
  An electric eel (D:6)
  2 howler monkeys
  2 orc priests
  4 hounds
  2 jellies
  2 gnoll boudas
  5 iguanas
  18 gnolls
  12 adders
  A white imp (D:6)
  2 ufetubi (D:6)
  3 worms
  6 dart slugs
  34 orcs
  12 ball pythons
  4 endoplasms
  2 giant cockroaches
  13 goblins
  4 hobgoblins
  4 jackals (D:3)
  A quokka (D:5)
  8 bats
  2 frilled lizards (D:1)
  13 kobolds
  10 rats
201 creatures vanquished.

Vanquished Creatures (others)
  5 plants (D:3)
5 creatures vanquished.

Grand Total: 206 creatures vanquished

Notes
Turn   | Place    | Note
-------+----------+-------------------------------------------
     0 | D:1      | shadowmeld the Djinni Transmuter began the quest for the
                  | Orb.
     0 | D:1      | shadowmeld set off with the following spells memorised:
                  | Beastly Appendage, Wereblood, Spider Form, Ice Form.
     0 | D:1      | Reached XP level 1. HP: 17/17 MP: 0/0
   314 | D:1      | Found a faded altar of an unknown god.
   358 | D:1      | Reached XP level 2. HP: 20/22 MP: 0/0
   457 | D:1      | Found Yrchios's General Store.
   717 | D:1      | Bought a scroll of identify for 24 gold pieces
   844 | D:1      | Reached XP level 3. HP: 6/27 MP: 0/0
   844 | D:1      | Learned a level 1 spell: Freeze
   882 | D:1      | Reached skill level 2 in Spellcasting
  1885 | D:2      | Reached XP level 4. HP: 20/32 MP: 0/0
  3447 | D:3      | Reached XP level 5. HP: 38/38 MP: 0/0
  3447 | D:3      | Learned a level 2 spell: Searing Ray
  3700 | D:3      | Reached skill level 3 in Spellcasting
  4008 | D:3      | Found an ornate altar of the Wu Jian Council.
  4101 | D:3      | Found a shimmering altar of Xom.
  4106 | D:3      | Found a sacrificial altar of Ru.
  4117 | D:3      | Found a shadowy altar of Dithmenos.
  4120 | D:3      | Found a hazy altar of Hepliaklqana.
  4302 | D:3      | Reached XP level 6. HP: 40/43 MP: 0/0
  4881 | D:4      | Found an opulent altar of Gozag.
  4917 | D:4      | Noticed an ogre
  4927 | D:4      | Killed an ogre
  4968 | D:4      | Noticed a water moccasin
  4990 | D:4      | Killed a water moccasin
  4991 | D:4      | Reached XP level 7. HP: 45/49 MP: 0/0
  4991 | D:4      | Learned a level 3 spell: Ozocubu's Armour
  5036 | D:4      | Reached skill level 4 in Spellcasting
  5371 | D:5      | Entered Level 5 of the Dungeon
  5602 | D:5      | Noticed Pikel
  5622 | D:5      | Killed Pikel
  5623 | D:5      | Reached skill level 5 in Spellcasting
  5623 | D:5      | Reached XP level 8. HP: 33/56 MP: 0/0
  5823 | D:5      | Reached skill level 6 in Spellcasting
  5833 | D:5      | Found a staircase to the Ecumenical Temple.
  5864 | D:5      | Reached skill level 5 in Dodging
  5864 | D:5      | Reached XP level 9. HP: 55/61 MP: 0/0
  5864 | D:5      | Learned a level 3 spell: Gell's Gravitas
  5895 | Temple   | Entered the Ecumenical Temple
  5909 | Temple   | Became a worshipper of Ashenzari the Shackled
  6604 | D:6      | Reached skill level 7 in Spellcasting
  6608 | D:6      | Reached skill level 5 in Unarmed Combat
  7083 | D:6      | Found a blossoming altar of Fedhas.
  7221 | D:7      | Identified the cursed +0 robe of the Cursed Agnosticism
                  | {Range, Evo}
  7420 | D:7      | Reached XP level 10. HP: 69/69 MP: 0/0
  7824 | D:8      | Reached * piety under Ashenzari
  7849 | D:8      | Found a flagged portal.
  7885 | Bailey   | Entered a bailey
  7893 | Bailey   | Identified the cursed +0 cloak of Ashenzari's Portent {Cun,
                  | Fort} (You found it on level 2 of the Dungeon)
  7912 | Bailey   | Reached skill level 8 in Spellcasting
  8237 | Bailey   | Reached skill level 5 in Fighting
  8364 | Bailey   | Noticed an orc knight
  8364 | Bailey   | Noticed an orc knight
  8366 | Bailey   | Slain by an orc warrior

Illustrated notes

Levels and vault maps discovered:
D:1:      mushboom_english_gardens, layout_rooms,
          ebering_ecumenical_altar_sacrificial, serial_shops, shop_fountains,
          minmay_misc_feat_iff, minmay_octomino_j4
D:2:      layout_loops_corners, minmay_misc_feat_hallway
D:3:      layout_loops_ring, pdpol_wu_jian_five_deadly_venoms,
          minmay_overflow_temple_star_hex, chequers_arboretum,
          minmay_fountain_box, serial_bayou_pond_b
D:4:      layout_rooms, old_standard_altar
D:5:      layout_loops_ring, minmay_temple_entry_large_hall,
          nicolae_fountain_basement, uniq_pikel
D:6:      layout_basic, mainiacjoe_overflow_surrounded_room,
          kennysheep_opposing_triangles
D:7:      layout_loops_ring
D:8:      minmay_bloctagon, layout_loops_ring, kennysheep_mini,
          dancing_weapons_uskayaw, enter_bailey_3
Temple:   corrupted_temple
Bailey:   bailey_polearm_2, bailey

Skill      XL: |  1  2  3  4  5  6  7  8  9 10 |
---------------+-------------------------------+-----
Spellcasting   | 2 3 5 6 7 8 |  8.3
Dodging        | 3 4 5 6 7 |  7.3
Fighting       | 2 3 4 5 |  5.0
Unarmed Combat | 4 5 |  5.9
Throwing       | |  0.1

Action                   |  1- 3 |  4- 6 |  7- 9 | 10-12 || total
-------------------------+-------+-------+-------+-------++-------
Melee: Unarmed           |   112 |    95 |    85 |    65 ||   357
       Headbutt          |    17 |    15 |       |       ||    32
       Punch             |     3 |     3 |       |       ||     6
Throw: Dart              |       |     3 |       |       ||     3
 Cast: Beastly Appendage |    20 |    17 |     2 |       ||    39
       Freeze            |     2 |    17 |    25 |    13 ||    57
       Searing Ray       |       |    34 |    56 |    11 ||   101
       Ozocubu's Armour  |       |       |    11 |     3 ||    14
       Spider Form       |       |       |    11 |       ||    11
       Ice Form          |       |       |     3 |    10 ||    13
Invok: Curse Item        |       |       |     1 |     1 ||     2
  Use: Scroll            |     1 |     4 |     3 |     3 ||    11
       Potion            |       |     1 |       |     2 ||     3
 Stab: Sleeping          |     1 |       |       |       ||     1
Armor: Robe              |    16 |    27 |     6 |     1 ||    50
       Skin              |       |     3 |    22 |    47 ||    72
Dodge: Dodged            |    72 |    92 |   179 |    87 ||   430
